 Dungeon Crawl Stone Soup version 0.28-a0-1524-ge72afd5fc6 (webtiles) character file.

Game seed: 8866981454596203934

3 psuckher the Sneak (level 1, -4/18 HPs)
             Began as a Barachi Delver on Jan 17, 2022.
             Slain by an ice beast (5 damage)
             ... on level 5 of the Dungeon.
             The game lasted 00:00:35 (60 turns).

psuckher the Sneak (Barachi Delver)                   Turns: 60, Time: 00:00:36

Health: -4/18      AC:  3    Str: 13    XL:     1   Next: 50%
Magic:  1/1        EV: 12    Int: 10    God:
Gold:   15         SH:  0    Dex: 13    Spells: 0/0 levels left

rFire   . . .      SeeInvis .   a - +0 falchion
rCold   . . .      Faith    .   (no shield)
rNeg    . . .      Spirit   .   b - +0 leather armour
rPois   .          Reflect  .   (no helmet)
rElec   .          Harm     .   (no cloak)
rCorr   .          Rampage  .   (no gloves)
Will    .....                   (no boots)
Stlth   ++........              (no amulet)
HPRegen 0.06/turn               (no ring)
MPRegen 0.07/turn               (no ring)

@: slow
A: amphibious, slowness 1, strong legs 1, +LOS
a: Hop


You were on level 5 of the Dungeon.
You visited 1 branch of the dungeon, and saw 1 of its levels.

You collected 15 gold pieces.

Inventory:

Hand Weapons
 a - a +0 falchion (weapon)
 h - a +1 hunting sling of flaming
Armour
 b - a +0 leather armour (worn)
 i - a +0 chain mail
Wands
 g - a wand of digging (3)
Scrolls
 c - a scroll of fog
 d - a scroll of magic mapping
 e - a scroll of fear
Potions
 f - a potion of haste


   Skills:
 + Level 3.6 Fighting
 + Level 2.8 Long Blades
 + Level 2.1 Dodging
 + Level 4.5 Stealth


You couldn't memorise any spells.
You didn't know any spells.
Your spell library was empty.

Dungeon Overview and Level Annotations

Branches:
Dungeon (5/15)
 Temple: D:4-7

Altars:


Innate Abilities, Weirdness & Mutations

You are amphibious.
You cover ground slowly.
You can hop short distances.
You have an extended range of vision and can be seen from far away.


Message History

Found a stone staircase leading down.
A worm comes into view.
Found a chain mail.
The worm bites you.
You slash the worm!
The worm is heavily wounded.
The worm barely misses you.
You barely miss the worm.
The worm is moderately wounded.
You hear the slow rusting of a distant drain.
You hit the worm.
The worm is severely wounded.
The worm bites you but does no damage.
You hit the worm.
The worm is severely wounded.
The worm misses you.
You barely miss the worm.
The worm is severely wounded.
The worm bites you!
Ouch! That really hurt!
* * * LOW HITPOINT WARNING * * *
You hit the worm.
The worm is severely wounded.
You hit the worm.
You kill the worm!
An ice beast comes into view.
Found a stone staircase leading up.
You see here a +0 chain mail.
i - a +0 chain mail The ice beast barely misses you.
The ice beast misses you.
You hit the ice beast but do no damage.
The ice beast hits you but does no damage.
You closely miss the ice beast. The ice beast closely misses you.
You hit the ice beast.
The ice beast is lightly wounded.
The ice beast hits you.
* * * LOW HITPOINT WARNING * * *
The ice beast freezes you.
You die...

#..#### ####.#
#.....####...#
#...........##
#...........#
#...........##
##>...#......#
##...###)....#
##....#####...##
##..@...#
##...##
#...Y...#
##...###
#....##..#
#.....# #....##
##..# #...#.#
.....# #..#
##..#.# ....#
#..# #.##.. .<.#
#...# ##.#....
...
#..###.##.... #.
#...#..# ....


You could see an ice beast.

Vanquished Creatures
  A worm (D:5)
1 creature vanquished.

Notes
Turn   | Place    | Note
-------+----------+-------------------------------------------
     0 | D:5      | psuckher the Barachi Delver began the quest for the Orb.
     0 | D:5      | Reached XP level 1. HP: 18/18 MP: 1/1
    15 | D:5      | Noticed an iguana
    50 | D:5      | Noticed an ice beast
    60 | D:5      | Slain by an ice beast

Illustrated notes

Levels and vault maps discovered:
D:5:      minmay_skewed_foursquare, layout_layer_cave,
          minmay_temple_entry_overgrown, gup_sewer_entry_spiral

Action                   || total
-------------------------++-------
Melee: Falchion          ||    10
Armor: Leather armour    ||     2
Dodge: Dodged            ||     5

Table legend: (Time is in decaauts)
 A = Elapsed time spent in this place.
 B = Non-inter-level travel time spent in this place.
 C = Inter-level travel time spent in this place.
 D = Time resting spent in this place.
 E = Time spent auto-exploring this place.
 F = Levels seen in this place.
 G = Mean time per level.
                   A        B        C        D        E       F      G
               +--------+--------+--------+--------+--------+-----+--------+
         Total |     71 |     67 |      4 |      0 |      0 |   1 |   71.0 |
       Dungeon |     71 |     67 |      4 |      0 |      0 |   1 |   71.0 |
               +--------+--------+--------+--------+--------+-----+--------+

Top non-repeatable levels by time:
     D:5: 71 daAuts
